 Dungeon Crawl Stone Soup version 0.30-a0-371-gad7725a93e (webtiles) character file.

Game seed: 8877712653910351414

0 Shayle the Conjurer (level 1, -2/19 HPs)
             Began as a Naga Reaver on Nov 22, 2022.
             Frozen to death by an endoplasm (5 damage)
             ... on level 1 of the Dungeon.
             The game lasted 00:00:29 (27 turns).

Shayle the Conjurer (Naga Reaver)                     Turns: 27, Time: 00:00:30

Health: -2/19      AC:  1    Str: 14    XL:     1   Next: 10%
Magic:  2/3        EV:  9    Int: 13    God:
Gold:   9          SH:  0    Dex:  9    Spells: 3/4 levels left

rFire   . . .      SeeInvis +    a - +0 hand axe
rCold   . . .      Faith    .    (no shield)
rNeg    . . .      Spirit   .    b - +0 leather armour
rPois   +          Reflect  .    (no helmet)
rElec   .          Harm     .    (no cloak)
rCorr   .          Rampage  .    (no gloves)
Will    .....                    (no barding)
Stlth   +.........               (no amulet)
HPRegen 0.23/turn                (no ring)
MPRegen 0.08/turn                (no ring)

@: short of breath, very slightly contaminated, very slow
A: AC +0, large, see invisible, deformed body, poison resistance, slowness 2,
spit poison 1, naga tail 1
a: Spit Poison


You were on level 1 of the Dungeon.
You visited 1 branch of the dungeon, and saw 1 of its levels.

You collected 9 gold pieces.

Inventory:

Hand Weapons
 a - a +0 hand axe (weapon)
Armour
 b - a +0 leather armour (worn)


   Skills:
 + Level 2.0 Fighting
 - Level 3.0 Axes
 + Level 1.5 Dodging
 + Level 0.1 Stealth
 - Level 2.0 Spellcasting
 - Level 3.0 Conjurations


You had 3 spell levels left.
You knew the following spells:

 Your Spells              Type           Power      Damage    Failure   Level
a - Kiss of Death         Conj/Necr      20%        2d7       17%         1

Your spell library contained the following spells:

 Spells                   Type           Power      Damage    Failure   Level
 Momentum Strike          Conj/Tloc      10%        3d8       26%         2
 Hailstorm                Conj/Ice       5%         3d4       45%         3


Dungeon Overview and Level Annotations

Branches:
Dungeon (1/15)

Altars:


Innate Abilities, Weirdness & Mutations

Your serpentine skin is tough. (AC +0)
You have supernaturally acute eyesight. (SInv)
Armour fits poorly on your strangely shaped body.
Your system is resistant to poisons. (rPois)
You cover ground very slowly.
You can spit poison.
You have a snake-like lower body.


Message History

You open the door.
There is an open door here.
You now have 9 gold pieces.
A goblin comes into view. It is wielding a +0 club.
The goblin shouts!
An endoplasm comes into view.
Aiming: Spit Poison (3% risk of failure)
Press: ? - help, Shift-Dir - straight line, f - goblin
Aim: a goblin, wielding a +0 club (43% to hit)
The splash of poison misses the goblin.
The endoplasm quivers.
The goblin attacks as you move away! The goblin hits you but does no damage.
You have got your breath back.
You hit the goblin but do no damage. The goblin hits you with a +0 club.
The goblin barely misses you.
You barely miss the goblin. The goblin hits you with a +0 club.
You closely miss the goblin. The goblin hits you with a +0 club.
You hit the goblin. Your punch misses the goblin.
The goblin is severely wounded.
The goblin hits you with a +0 club.
You barely miss the goblin.
The goblin is severely wounded.
The goblin hits you with a +0 club.
* * * LOW HITPOINT WARNING * * *
Aiming: Spit Poison (3% risk of failure)
Press: ? - help, Shift-Dir - straight line, f/p - goblin
Aim: a goblin, wielding a +0 club (severely wounded, 43% to hit)
The splash of poison hits the goblin.
The goblin is poisoned.
You kill the goblin!
Casting: Kiss of Death (safe; 17% risk of failure)
Confirm with . or Enter, or press ? or * to list all spells.
Aiming: Kiss of Death (safe; 17% risk of failure)
Press: ? - help, Shift-Dir - straight line, f - endoplasm
Aim: an endoplasm (100% to hit)
You miscast Kiss of Death.
You are very lightly contaminated with residual magic.
Nothing appears to happen.
The endoplasm freezes you.
You are frozen.
You die...

.. ..# #
..#..
...J.#
###....
..#####...#
#.......#
..#####J#
#@## #..#
#+###'#
#.~#~.#
#.~~~.#
#.~8~.#
#.....#
#♣...♣#
#P♣.♣P#


You could see an endoplasm.

Vanquished Creatures
  A goblin (D:1)
1 creature vanquished.

Notes
Turn   | Place    | Note
-------+----------+-------------------------------------------
     0 | D:1      | Shayle the Naga Reaver began the quest for the Orb.
     0 | D:1      | Reached XP level 1. HP: 19/19 MP: 3/3
    27 | D:1      | Frozen to death by an endoplasm

Illustrated notes

Levels and vault maps discovered:
D:1:      tarquinn_simple_flora_water_d, layout_loops_cross

Action                   || total
-------------------------++-------
Melee: Hand axe          ||     5
 Abil: Spit Poison       ||     2
Armor: Leather armour    ||     1
Dodge: Dodged            ||     1

Table legend: (Time is in decaauts)
 A = Elapsed time spent in this place.
 B = Non-inter-level travel time spent in this place.
 C = Inter-level travel time spent in this place.
 D = Time resting spent in this place.
 E = Time spent auto-exploring this place.
 F = Levels seen in this place.
 G = Mean time per level.
                   A        B        C        D        E       F      G
               +--------+--------+--------+--------+--------+-----+--------+
         Total |     35 |     35 |      0 |      0 |     21 |   1 |   35.0 |
       Dungeon |     35 |     35 |      0 |      0 |     21 |   1 |   35.0 |
               +--------+--------+--------+--------+--------+-----+--------+

Top non-repeatable levels by time:
     D:1: 35 daAuts
